 Dungeon Crawl Stone Soup version 0.31.0-11-ge490571c62 (webtiles) character file.

Game seed: 3318374335203605130

55 Arcadio the Poker (level 3, -5/29 HPs)
             Began as a Merfolk Gladiator on Jan 30, 2024.
             Killed from afar by Sigmund (8 damage)
             ... with a puff of flame
             ... on level 2 of the Dungeon.
             The game lasted 00:03:15 (1744 turns).

Arcadio the Poker (Merfolk Gladiator)               Turns: 1744, Time: 00:03:16

Health: -5/29      AC:  7    Str: 16    XL:     3   Next: 93%
Magic:  3/3        EV: 12    Int:  7    God:
Gold:   98         SH:  0    Dex: 15    Spells: 2/2 levels left

rFire   . . .        a - +0 trident
rCold   . . .        (no shield)
rNeg    . . .        h - +0 ring mail
rPois   .            c - +0 helmet
rElec   .            o - +0 cloak
rCorr   .            (no gloves)
SInv    .            (no boots)
Will    .....        k - amulet of magic regeneration Stlth
                     (no ring)
HPRegen 0.24/turn    (no ring)
MPRegen 0.48/turn

%: no passive effects
@: confused
A: (nimble swimmer 2), mertail
a: no special abilities


You were on level 2 of the Dungeon.
You visited 1 branch of the dungeon, and saw 2 of its levels.

You collected 98 gold pieces.

Inventory:

Hand Weapons
 a - a +0 trident (weapon)
Missiles
 d - 3 throwing nets (quivered)
 e - a javelin
Armour
 b - a +0 leather armour
 c - a +0 helmet (worn)
 h - a +0 ring mail (worn)
 o - a +0 cloak (worn)
Jewellery
 k - an amulet of magic regeneration (around neck)
 m - a +5 ring of evasion
Scrolls
 f - a scroll of blinking {unknown}
 g - a scroll of poison {unknown}
 j - 4 scrolls of identify {unknown}
 l - a scroll of amnesia {unknown}
Potions
 i - a potion of enlightenment {unknown}
 n - a potion of degeneration {unknown}
 p - a potion of lignification {unknown}


   Skills:
 + Level 3.1 Fighting
 + Level 4.9 Polearms
 - Level 2.0 Throwing
 + Level 4.8 Dodging


You had 2 spell levels left.
You didn't know any spells.
Your spell library contained the following spells:

 Spells                   Type           Power      Damage    Failure   Level
 Magic Dart               Conj           0%         1d3       65%         1
 Blink                    Tloc           0%         N/A       80%         2
 Lesser Beckoning         Tloc           0%         N/A       80%         2
 Momentum Strike          Conj/Tloc      0%         3d8       80%         2
 Searing Ray              Conj           0%         2d4       80%         2
 Fulminant Prism          Conj/Alch      0%         3d5       100%        4


Dungeon Overview and Level Annotations

Branches:
Dungeon (2/15)

Altars:

Shops:
D:2 =

Annotations:
D:2 Sigmund


Innate Abilities, Weirdness & Mutations

((You are very nimble when in or above water. (Stealth+, EV+, Speed+++)))
Your lower body shifts to a powerful aquatic tail in water.


Message History

Press: ? - help, Dir - move target, f/p - Sigmund
Aim: Sigmund, wielding a +0 scythe and wearing a +0 robe of resistance (heavily wounded, about 43% to evade your +0 trident)
You reach to attack!
You closely miss Sigmund.
Sigmund is heavily wounded.
Sigmund hits you from afar with a +0 scythe!
Reach: a) +0 trident
Press: ? - help, Dir - move target, f/p - Sigmund
Aim: Sigmund, wielding a +0 scythe and wearing a +0 robe of resistance (heavily wounded, about 43% to evade your +0 trident)
You reach to attack!
You hit Sigmund.
Sigmund is heavily wounded.
Sigmund points at you and mumbles some strange words.
You are confused.
You're too confused to aim your attacks!
Sigmund hits you with a +0 scythe. Sigmund barely misses you.
You puncture Sigmund!
Sigmund is almost dead.
Sigmund hits you but does no damage.
You feel less confused.
You hit Sigmund.
Sigmund is almost dead.
Sigmund hits you with a +0 scythe!
You barely miss Sigmund.
Sigmund is almost dead.
Sigmund points at you and mumbles some strange words.
You are confused.
Sigmund casts a spell at you. The magic dart hits you.
You bump into the rock wall.
Sigmund gestures at you while chanting. The magic dart hits you.
* * * LOW HITPOINT WARNING * * *
You're too confused to aim your attacks!
Unknown command.
You're too confused to aim your attacks!
Unknown command.
Sigmund points at you and mumbles some strange words.
The puff of flame hits you!
You die...
Sigmund begins carving another notch in his scythe.

..#######....##.#.#..# #
.......##....##.#.#..# #
.......##....##.#.#..# #
.......##....##......# #
.............##......# #
.......###'####......# #
#......# #.# #......# #
#......# #.#
#......############ #.#'####
#.####.@@...#........... #.#.#
#.#.......<.รท......##### #.#.#
#.#)####'#.........##... ..#.#
#.#.##.............##.## ###.#
#.#.##.#####.......'..# #.#
#.#.##.#.........%.#### #.#
#.#.##.#.##.#<##########
#.######.#.##.#.#..............
#.#......#.##.#.####.##########


You could see Sigmund.

Vanquished Creatures
  2 adders (D:2)
  A dart slug (D:1)
  A ribbon worm (D:2)
  An orc (D:2)
  A bat (D:1)
  4 endoplasms
  A giant cockroach (D:1)
  3 hobgoblins
  A kobold (D:1)
  3 quokkas
  2 ball pythons
  A frilled lizard (D:2)
  6 goblins
  2 rats (D:1)
29 creatures vanquished.

Notes
Turn   | Place    | Note
-------+----------+-------------------------------------------
     0 | D:1      | Arcadio the Merfolk Gladiator began the quest for the Orb.
     0 | D:1      | Reached XP level 1. HP: 16/16 MP: 1/1
   108 | D:1      | Reached XP level 2. HP: 23/23 MP: 2/2
   644 | D:2      | Reached XP level 3. HP: 22/28 MP: 3/3
  1099 | D:2      | Found Bachar's Jewellery Boutique.
  1267 | D:2      | Noticed Sigmund
  1744 | D:2      | Killed from afar by Sigmund

Illustrated notes

Levels and vault maps discovered:
D:1:      ebering_trefoil_3fold, layout_basic
D:2:      layout_basic, serial_shops, shop, basic_altar, minivault_27,
          uniq_sigmund

Skill      XL: |  1  2  3 |
---------------+----------+-----
Fighting       | 3 |  3.1
Polearms       | |  4.9
Throwing       | |  2.0
Dodging        | |  4.8

Action                     || total
---------------------------++-------
  Melee: Trident           ||   117
         Punch             ||     1
 Armour: Leather armour    ||     5
         Ring mail         ||    70
  Dodge: Dodged            ||    85
